 Dungeon Crawl Stone Soup version 0.28-a0-773-g130ae17fe5 (webtiles) character file.

Game seed: 17244593686667304722

149 bande the Covered (level 5, 0/33 HPs)
             Began as a Gargoyle Fighter on Nov 2, 2021.
             Slain by an ogre (21 damage)
             ... on level 4 of the Dungeon.
             The game lasted 00:04:05 (2570 turns).

bande the Covered (Gargoyle Fighter)                Turns: 2570, Time: 00:04:06

Health: 0/33       AC: 14    Str: 20    XL:     5   Next: 31%
Magic:  5/5        EV:  9    Int:  9    God:
Gold:   107        SH:  4    Dex:  9    Spells: 4/4 levels left

rFire   . . .      SeeInvis .   a - +1 war axe
rCold   . . .      Faith    .   c - +0 buckler
rNeg    + . .      Spirit   .   b - +0 scale mail
rPois   ∞          Reflect  .   h - +1 hat
rElec   +          Harm     .   (no cloak)
rCorr   .          Rampage  .   f - +0 pair of gloves
Will    +....                   e - +0 pair of boots
Stlth   ..........              (no amulet)
HPRegen 0.11/turn               g - ring of willpower
MPRegen 0.09/turn               (no ring)

@: no status effects
A: sickness immunity, AC +4, negative energy resistance 1, electricity
resistance, torment resistance 1, petrification resistance
a: no special abilities


You were on level 4 of the Dungeon.
You visited 1 branch of the dungeon, and saw 4 of its levels.

You collected 107 gold pieces.

Inventory:

Hand Weapons
 a - a +1 war axe (weapon)
 n - a +0 flail
Armour
 b - a +0 scale mail (worn)
 c - a +0 buckler (worn)
 e - a +0 pair of boots (worn)
 f - a +0 pair of gloves (worn)
 h - a +1 hat (worn)
Jewellery
 g - a ring of willpower (left hand)
 k - a ring of flight
Potions
 d - a potion of might
 l - a potion of lignification {unknown}
 m - a potion of magic {unknown}


   Skills:
 + Level 4.1 Fighting
 + Level 3.3 Axes
 + Level 4.2 Armour
 - Level 0.1 Dodging
 - Level 1.0 Stealth
 + Level 3.5 Shields


You had 4 spell levels left.
You didn't know any spells.
Your spell library contained the following spells:

 Spells                   Type           Power      Damage    Failure   Level
 Stone Arrow              Conj/Erth      0%         3d7       98%         3
 Animate Armour           Summ/Erth      0%         N/A       100%        4
 Petrify                  Tmut/Erth      0%         N/A       100%        4
 Irradiate                Conj/Tmut      0%         3d14      100%        5
 Lehudib's Crystal Spear  Conj/Erth      0%         10d2      100%        8
 Sublimation of Blood     Necr           Unusable   N/A       N/A         2

Dungeon Overview and Level Annotations

Branches:
Dungeon (4/15)
 Temple: D:4-7

Altars:
Wu Jian

Shops:
D:1 (


Innate Abilities, Weirdness & Mutations

You are immune to sickness and miasma.
Your stone body is resilient. (AC +4)
You are immune to poison.
You resist negative energy. (rN+)
You are resistant to electric shocks. (rElec)
You are resistant to unholy torment.
You are immune to petrification.


Message History

Done exploring.
You see here a +0 short sword.
There is a stone staircase leading down here.
You climb downwards.
There is a stone staircase leading up here.
You slash the bullfrog skeleton!
The bullfrog skeleton is moderately damaged.
The bullfrog skeleton hits you but does no damage.
The bullfrog skeleton barely misses you.
You hit the bullfrog skeleton.
The bullfrog skeleton is moderately damaged.
The bullfrog skeleton closely misses you.
The bullfrog skeleton hits you.
You slash the bullfrog skeleton!
The bullfrog skeleton is almost destroyed.
The bullfrog skeleton hits you.
The bullfrog skeleton barely misses you.
You hit the bullfrog skeleton.
You destroy the bullfrog skeleton!
No target in view!
No target in view!
No target in view!
No target in view!
No target in view!
An ogre comes into view. It is wielding a +0 giant club.
The ogre shouts!
There is a stone staircase leading up here.
A kobold comes into view. It is wielding a +0 dagger.
You hit the ogre.
The ogre is lightly wounded.
The ogre closely misses you.
You hit the ogre.
The ogre is moderately wounded.
The ogre hits you with a +0 giant club!
You hit the ogre.
The ogre is heavily wounded.
The ogre hits you but does no damage.
The ogre hits you with a +0 giant club!!
Ouch! That really hurt!
You die...

. .. ..# ..
##.##.######
........KO@#
.#####.#####
... ###. ..
#. #. ##


You could see an ogre and a kobold.

Vanquished Creatures
  An orc priest (D:3)
  A bullfrog skeleton (D:4)
  A scorpion zombie (D:3)
  An adder (D:2)
  2 worms (D:2)
  3 orcs (D:2)
  4 ball pythons
  4 endoplasms
  2 giant cockroaches
  2 goblins
  3 hobgoblins
  5 jackals
  6 kobolds
  2 quokkas
  7 bats
  2 frilled lizards
  3 rats
49 creatures vanquished.

Vanquished Creatures (others)
  A plant (D:1)
1 creature vanquished.

Grand Total: 50 creatures vanquished

Notes
Turn   | Place    | Note
-------+----------+-------------------------------------------
     0 | D:1      | bande the Gargoyle Fighter began the quest for the Orb.
     0 | D:1      | Reached XP level 1. HP: 14/14 MP: 1/1
   178 | D:1      | Reached XP level 2. HP: 19/19 MP: 2/2
   356 | D:1      | Found Pynanaph's Weapon Shop.
   990 | D:2      | Reached XP level 3. HP: 21/24 MP: 3/3
   998 | D:2      | Reached skill level 1 in Stealth
  1867 | D:3      | Reached XP level 4. HP: 16/29 MP: 4/4
  2189 | D:3      | Reached XP level 5. HP: 32/33 MP: 5/5
  2225 | D:3      | Found an ornate altar of the Wu Jian Council.
  2560 | D:4      | Noticed an ogre
  2570 | D:4      | Slain by an ogre

Illustrated notes

Levels and vault maps discovered:
D:1:      eino_arrival_druids_welcome, layout_loops_ring, serial_shops,
          nicolae_shop_stone
D:2:      layout_loops_ring, minmay_pentomino_q4
D:3:      layout_rooms, nicolae_wu_jian_immortal_techniques
D:4:      layout_basic

Skill      XL: |  1  2  3  4  5 |
---------------+----------------+-----
Axes           | 2 3 |  3.3
Stealth        | 1 |  1.0
Armour         | 4 |  4.2
Fighting       | 4 |  4.1
Dodging        | |  0.1
Shields        | |  3.5

Action                   |  1- 3 |  4- 6 || total
-------------------------+-------+-------++-------
Melee: War axe           |   104 |    50 ||   154
  Use: Scroll            |       |     6 ||     6
Armor: Scale mail        |    86 |    24 ||   110
Dodge: Dodged            |    83 |    23 ||   106
Block: Buckler           |    22 |     5 ||    27

Table legend: (Time is in decaauts)
 A = Elapsed time spent in this place.
 B = Non-inter-level travel time spent in this place.
 C = Inter-level travel time spent in this place.
 D = Time resting spent in this place.
 E = Time spent auto-exploring this place.
 F = Levels seen in this place.
 G = Mean time per level.
                   A        B        C        D        E       F      G
               +--------+--------+--------+--------+--------+-----+--------+
         Total |   2632 |   2448 |    184 |    506 |   1454 |   4 |  658.0 |
       Dungeon |   2632 |   2448 |    184 |    506 |   1454 |   4 |  658.0 |
               +--------+--------+--------+--------+--------+-----+--------+

Top non-repeatable levels by time:
     D:2: 1087 daAuts
     D:1: 806 daAuts
     D:3: 702 daAuts
     D:4: 36 daAuts
